San Jose Sharks vs Vegas Golden Knights
Created - Tuesday, May 28, 2024 at 06:35
Goals
|
| San Jose Sharks |
0 |
2 |
2 |
4 |
| Vegas Golden Knights |
0 |
1 |
0 |
1 |
|
Shots
|
| San Jose Sharks |
8 |
16 |
9 |
33 |
| Vegas Golden Knights |
11 |
11 |
9 |
31 |
|
1st period
No Goal
Penalties :
Marc Staal (VGK) for Hooking (Minor) at 3:42, Travis Hamonic (VGK) for Roughing (Minor) at 12:52
2nd period
1. San Jose Sharks , Valeri Nichushkin 40 (Adam Henrique 44) at 7:01 (PP)
2. San Jose Sharks , Dylan Strome 28 (Ryan Hartman 18) at 10:42
3. Vegas Golden Knights , Chris Kreider 40 (Reilly Smith 34) at 18:11 (SH)
Penalties :
Sean Monahan (VGK) for Hooking (Minor) at 6:59, Alex Chiasson (VGK) for Hooking (Minor) at 16:13
3rd period
4. San Jose Sharks , Christian Dvorak 19 (Adam Henrique 45, Ivan Barbashev 37) at 0:28
5. San Jose Sharks , Christian Dvorak 20 (Zachary Werenski 20, Valeri Nichushkin 53) at 8:11
Penalties :
Adam Henrique (SJS) for Hooking (Minor) at 5:38, Sean Monahan (VGK) for Hooking (Minor) at 9:41, Cody Glass (SJS) for Roughing (Double Minor) at 14:27
Goalie Stats
Logan Thompson (SJS), 30 saves from 31 shots - (0.968), W, 8-9-3, 60:00 minutes
Alexandar Georgiev (VGK), 29 saves from 33 shots - (0.879), L, 33-18-4, 60:00 minutes
Players Stats for San Jose Sharks
Player Name G A P +/- PIM S H SB GA TA FO MP PP MP PK MP
------------------------------------------------------------------------------------
Adam Henrique 0 2 2 2 2 6 0 0 2 0 2/5 19:40 3:56 1:29
Andreas Athanasiou 0 0 0 0 0 0 1 0 1 0 0/1 11:42 0:00 2:04
Christian Dvorak 2 0 2 2 0 5 1 0 0 0 12/21 15:07 0:00 1:52
Christopher Tanev 0 0 0 1 0 5 3 2 0 0 0/0 20:54 4:03 2:39
Cody Glass 0 0 0 0 4 1 0 0 0 0 2/3 9:34 0:00 0:00
Derek Forbort 0 0 0 1 0 0 3 4 0 2 0/0 24:50 3:18 2:36
Dmitry Orlov 0 0 0 1 0 0 2 2 0 1 0/0 24:57 3:18 2:43
Dylan Strome 1 0 1 0 0 3 1 0 0 1 0/0 14:49 4:02 0:17
Ilya Mikheyev 0 0 0 0 0 0 0 0 1 0 0/0 10:26 0:00 0:48
Ivan Barbashev 0 1 1 0 0 1 4 0 0 0 1/1 16:26 4:02 0:00
Rickard Rakell 0 0 0 0 0 2 2 0 3 0 0/1 19:15 3:56 2:19
Ryan Hartman 0 1 1 1 0 0 4 1 0 0 9/13 11:26 0:00 0:00
Simon Benoit 0 0 0 1 0 1 1 4 0 0 0/0 18:21 0:37 2:39
Simon Nemec 0 0 0 0 0 0 0 3 0 1 0/0 16:22 4:03 0:36
Valeri Nichushkin 1 1 2 1 0 3 0 0 0 0 0/4 17:37 3:56 1:02
Victor Olofsson 0 0 0 1 0 1 0 0 2 0 0/1 10:28 0:00 0:00
William Karlsson 0 0 0 -1 0 2 2 0 0 1 11/16 18:10 4:02 2:05
Zachary Werenski 0 1 1 0 0 3 1 0 0 2 0/0 13:56 0:37 0:43
Players Stats for Vegas Golden Knights
Player Name G A P +/- PIM S H SB GA TA FO MP PP MP PK MP
------------------------------------------------------------------------------------
Alex Chiasson 0 0 0 -1 2 0 1 1 1 0 0/0 9:45 2:45 0:00
Chris Kreider 1 0 1 0 0 5 0 0 1 1 0/1 17:44 2:40 0:37
Eric Staal 0 0 0 -1 0 0 1 0 0 0 1/3 10:38 0:39 3:52
Jack Roslovic 0 0 0 -1 0 2 1 1 0 1 0/0 15:20 2:31 0:00
Joe Pavelski 0 0 0 -1 0 3 0 1 2 0 1/3 16:48 2:32 0:00
John Marino 0 0 0 -2 0 2 1 1 0 0 0/0 17:51 0:00 4:09
Jonathan Drouin 0 0 0 -1 0 1 0 0 0 0 0/0 6:26 0:00 0:00
Jordan Staal 0 0 0 0 0 0 3 1 0 0 6/9 16:05 0:41 3:52
Marc Staal 0 0 0 -1 2 0 2 3 0 2 0/0 17:11 0:35 2:53
Marc-Edouard Vlasic 0 0 0 1 0 0 0 0 0 0 0/0 16:39 0:46 3:49
Nikolaj Ehlers 0 0 0 -1 0 2 4 0 0 0 0/1 15:17 2:30 0:00
Reilly Smith 0 1 1 1 0 1 1 0 1 0 0/4 15:24 2:31 1:14
Roman Josi 0 0 0 0 0 2 2 1 0 1 0/0 22:51 2:42 0:15
Sean Couturier 0 0 0 -1 0 3 2 0 0 0 12/22 20:13 2:31 3:44
Sean Monahan 0 0 0 -2 4 4 2 0 0 1 9/22 19:31 1:00 2:37
Shea Theodore 0 0 0 -1 0 2 1 1 2 0 0/0 24:55 2:42 1:55
Travis Hamonic 0 0 0 0 2 4 2 1 0 3 0/0 14:47 0:00 2:55
Tyler Bertuzzi 0 0 0 0 0 0 1 2 1 0 0/1 14:32 2:45 0:00
3 Stars
1 - Christian Dvorak (SJS)
2 - Logan Thompson (SJS)
3 - Valeri Nichushkin (SJS)
Power Play
San Jose Sharks - 1 on 5 Attempt(s) - 20.00%
Vegas Golden Knights - 0 on 3 Attempt(s) - 0.00%
Penalty Kill
San Jose Sharks - 3 on 3 Attempt(s) - 100.00%
- Score 0 goal in Penalty Kill
Vegas Golden Knights - 4 on 5 Attempt(s) - 80.00%
- Score 1 goal in Penalty Kill
Team Stat
San Jose Sharks - Hits : 25 - Faceoff Wins : 37 - Blocked Shots : 16 - Penalty Minutes : 6
Vegas Golden Knights - Hits : 24 - Faceoff Wins : 29 - Blocked Shots : 13 - Penalty Minutes : 10
Official
Referees : Kelly Sutherland and Brian Pochmara
Linesman : Brandon Gawryletz and Jonny Murray
Game Notes
Valeri Nichushkin is injured at 12:56 of 3rd period (Right Hip)
Finance
Level 1 -- Attendance: 6000 (100.00%) -- Ticket Income $570,000
Level 2 -- Attendance: 4605 (92.10%) -- Ticket Income $253,275
Level 3 -- Attendance: 2946 (98.20%) -- Ticket Income $88,380
Level 4 -- Attendance: 5000 (100.00%) -- Ticket Income $100,000
Luxury Box -- Attendance: 1000 (100.00%) -- Ticket Income $190,000
Game was played at the T-Mobile Arena.
Total Attendance: 19551 (97.76%)
Total Ticket Income: $1,201,655
Other Income: $420,579
Total Income: $1,622,234
San Jose Sharks
5 vs 5 Forward
Center Left Wing Right Wing Time % Phy DF OF
1 William Karlsson Valeri Nichushkin Rickard Rakell 30 1 2 2
2 Christian Dvorak Adam Henrique Ivan Barbashev 30 1 2 2
3 Ryan Hartman Dylan Strome Victor Olofsson 25 1 2 2
4 Cody Glass Andreas Athanasiou Ilya Mikheyev 15 1 2 2
5 vs 5 Defense
Defense Defense Time % Phy DF OF
1 Dmitry Orlov Derek Forbort 30 1 2 2
2 Christopher Tanev Simon Benoit 30 1 2 2
3 Zachary Werenski Simon Nemec 25 1 2 2
4 Dmitry Orlov Derek Forbort 15 1 2 2
PowerPlay Forward
Center Left Wing Right Wing Time % Phy DF OF
1 Adam Henrique Valeri Nichushkin Rickard Rakell 50 1 2 2
2 William Karlsson Dylan Strome Ivan Barbashev 50 1 2 2
PowerPlay Defense
Defense Defense Time % Phy DF OF
1 Dmitry Orlov Derek Forbort 50 1 2 2
2 Christopher Tanev Simon Nemec 50 1 2 2
Penalty Kill 4 Players Forward
Center Wing Time % Phy DF OF
1 Valeri Nichushkin Rickard Rakell 50 1 2 2
2 Adam Henrique William Karlsson 50 1 2 2
Penalty Kill 4 Players Defense
Defense Defense Time % Phy DF OF
1 Dmitry Orlov Derek Forbort 50 1 2 2
2 Christopher Tanev Simon Benoit 50 1 2 2
Penalty Kill - 3 Players Forward
Forward Time % Phy DF OF
1 Valeri Nichushkin 50 1 2 2
2 Rickard Rakell 50 1 2 2
Penalty Kill - 3 Players Defense
Defense Defense Time % Phy DF OF
1 Dmitry Orlov Derek Forbort 50 1 2 2
2 Christopher Tanev Simon Benoit 50 1 2 2
4 vs 4 Forward
Center Wing Time % Phy DF OF
1 Valeri Nichushkin Rickard Rakell 50 1 2 2
2 Adam Henrique William Karlsson 50 1 2 2
4 vs 4 Defense
Defense Defense Time % Phy DF OF
1 Dmitry Orlov Derek Forbort 50 1 2 2
2 Christopher Tanev Simon Benoit 50 1 2 2
Last Minutes Offensive
Center Left Wing Right Wing Defense Defense
Adam Henrique Valeri Nichushkin Rickard Rakell Dmitry Orlov Derek Forbort
Last Minutes Defensive
Center Left Wing Right Wing Defense Defense
Adam Henrique Valeri Nichushkin Rickard Rakell Dmitry Orlov Derek Forbort
Goaltenders
Starting : Logan Thompson
Backup : Ilya Samsonov
Extra Forwards
Normal : Ryan Hartman, Christian Dvorak, Andreas Athanasiou - PP : Ryan Hartman, Christian Dvorak - PK : Andreas Athanasiou
Extra Defensemen
Normal : Zachary Werenski, Simon Nemec, Christopher Tanev - PP : Zachary Werenski - PK : Simon Nemec, Christopher Tanev
Penalty Shots
Valeri Nichushkin, Rickard Rakell, Adam Henrique, William Karlsson, Dylan Strome
Vegas Golden Knights
5 vs 5 Forward
Center Left Wing Right Wing Time % Phy DF OF
1 Sean Monahan Chris Kreider Joe Pavelski 35 1 2 2
2 Sean Couturier Nikolaj Ehlers Jack Roslovic 30 1 2 2
3 Jordan Staal Tyler Bertuzzi Reilly Smith 25 1 2 2
4 Eric Staal Jonathan Drouin Alex Chiasson 10 1 2 2
5 vs 5 Defense
Defense Defense Time % Phy DF OF
1 Roman Josi Shea Theodore 35 1 2 2
2 Marc Staal John Marino 30 1 2 2
3 Marc-Edouard Vlasic Travis Hamonic 25 1 2 2
4 Roman Josi Shea Theodore 10 1 2 2
PowerPlay Forward
Center Left Wing Right Wing Time % Phy DF OF
1 Joe Pavelski Chris Kreider Reilly Smith 50 1 2 2
2 Sean Couturier Nikolaj Ehlers Jack Roslovic 50 1 2 2
PowerPlay Defense
Defense Defense Time % Phy DF OF
1 Tyler Bertuzzi Roman Josi 50 1 2 2
2 Alex Chiasson Shea Theodore 50 1 2 2
Penalty Kill 4 Players Forward
Center Wing Time % Phy DF OF
1 Sean Couturier Sean Monahan 50 1 2 2
2 Eric Staal Jordan Staal 50 1 2 2
Penalty Kill 4 Players Defense
Defense Defense Time % Phy DF OF
1 John Marino Travis Hamonic 50 1 2 2
2 Marc-Edouard Vlasic Marc Staal 50 1 2 2
Penalty Kill - 3 Players Forward
Forward Time % Phy DF OF
1 Sean Couturier 50 1 2 2
2 Jordan Staal 50 1 2 2
Penalty Kill - 3 Players Defense
Defense Defense Time % Phy DF OF
1 John Marino Travis Hamonic 50 1 2 2
2 Eric Staal Marc Staal 50 1 2 2
4 vs 4 Forward
Center Wing Time % Phy DF OF
1 Joe Pavelski Chris Kreider 50 1 2 2
2 Jonathan Drouin Alex Chiasson 50 1 2 2
4 vs 4 Defense
Defense Defense Time % Phy DF OF
1 Roman Josi Shea Theodore 50 1 2 2
2 Marc-Edouard Vlasic John Marino 50 1 2 2
Last Minutes Offensive
Center Left Wing Right Wing Defense Defense
Joe Pavelski Chris Kreider Nikolaj Ehlers Roman Josi John Marino
Last Minutes Defensive
Center Left Wing Right Wing Defense Defense
Sean Couturier Jordan Staal Sean Monahan Marc Staal Travis Hamonic
Goaltenders
Starting : Alexandar Georgiev
Backup : Philipp Grubauer
Extra Forwards
Normal : Reilly Smith, Joe Pavelski, Chris Kreider - PP : Sean Monahan, Sean Couturier - PK : Reilly Smith
Extra Defensemen
Normal : John Marino, Roman Josi, Shea Theodore - PP : Marc Staal - PK : Shea Theodore, Roman Josi
Penalty Shots
Jack Roslovic, Sean Monahan, Joe Pavelski, Chris Kreider, Eric Staal
% Time on Ice - San Jose Sharks
Lines # - Real PCT - Wanted PCT - Time Play
Normal Forward
1 - 29% - 30% - 13:08
2 - 28% - 30% - 12:58
3 - 23% - 25% - 10:28
4 - 21% - 15% - 9:30
Normal Defense
1 - 30% - 30% - 13:55
2 - 31% - 30% - 14:24
3 - 26% - 25% - 12:11
4 - 12% - 15% - 5:34
PP Forward
1 - 49% - 50% - 3:56
2 - 51% - 50% - 4:02
PP Defense
1 - 41% - 50% - 3:18
2 - 59% - 50% - 4:40
PK Forward
1 - 60% - 50% - 3:35
2 - 40% - 50% - 2:23
PK Defense
1 - 46% - 50% - 2:43
2 - 54% - 50% - 3:15
PK3 Forward
1 - 0% - 50%
2 - 0% - 50%
PK3 Defense
1 - 0% - 50%
2 - 0% - 50%
44 Forward
1 - 0% - 50%
2 - 0% - 50%
44 Defense
1 - 0% - 50%
2 - 0% - 50%
Last Minute Offensive - 0:00
Last Minute Defensive - 0:00
Total
Forward - 60:00
Defense - 60:00
|
% Time on Ice - Vegas Golden Knights
Lines # - Real PCT - Wanted PCT - Time Play
Normal Forward
1 - 34% - 35% - 15:26
2 - 28% - 30% - 12:45
3 - 25% - 25% - 11:27
4 - 14% - 10% - 6:26
Normal Defense
1 - 37% - 35% - 16:57
2 - 32% - 30% - 14:55
3 - 24% - 25% - 11:08
4 - 7% - 10% - 3:04
PP Forward
1 - 53% - 50% - 3:08
2 - 47% - 50% - 2:50
PP Defense
1 - 55% - 50% - 3:16
2 - 45% - 50% - 2:42
PK Forward
1 - 51% - 50% - 4:06
2 - 49% - 50% - 3:52
PK Defense
1 - 51% - 50% - 4:06
2 - 49% - 50% - 3:52
PK3 Forward
1 - 0% - 50%
2 - 0% - 50%
PK3 Defense
1 - 0% - 50%
2 - 0% - 50%
44 Forward
1 - 0% - 50%
2 - 0% - 50%
44 Defense
1 - 0% - 50%
2 - 0% - 50%
Last Minute Offensive - 0:00
Last Minute Defensive - 0:00
Total
Forward - 60:00
Defense - 60:00
|
Play-by-Play
1st period
0:01 of 1st period - William Karlsson wins face-off versus Sean Monahan in neutral zone.
0:06 of 1st period - Sean Monahan is hit by William Karlsson and loses puck.
0:11 of 1st period - Snap shot by Valeri Nichushkin.
0:11 of 1st period - Stopped by Alexandar Georgiev without a rebound.
0:12 of 1st period - Ivan Barbashev wins face-off versus Nikolaj Ehlers in Vegas Golden Knights zone.
0:13 of 1st period - Wrist shot by Adam Henrique.
0:13 of 1st period - Shot Misses the Net.
0:23 of 1st period - Wrist shot by Adam Henrique.
0:23 of 1st period - Stopped by Alexandar Georgiev with a rebound.
0:25 of 1st period - Slapshot by Adam Henrique.
0:25 of 1st period - Stopped by Alexandar Georgiev with a rebound.
0:27 of 1st period - Slapshot by Simon Benoit.
0:27 of 1st period - Stopped by Alexandar Georgiev without a rebound.
0:28 of 1st period - Ryan Hartman wins face-off versus Jordan Staal in Vegas Golden Knights zone.
0:29 of 1st period - Wrist shot by Dylan Strome.
0:29 of 1st period - Shot Blocked by Tyler Bertuzzi.
3:42 of 1st period - Minor Penalty to Marc Staal for Hooking.
3:43 of 1st period - Sean Couturier wins face-off versus Valeri Nichushkin in Vegas Golden Knights zone.
4:13 of 1st period - Wrist shot by Valeri Nichushkin.
4:13 of 1st period - Shot Misses the Net.
4:43 of 1st period - Sean Monahan is hit by William Karlsson and loses puck.
5:42 of 1st period - Penalty to Marc Staal is over, Marc Staal is back on ice.
6:26 of 1st period - Zachary Werenski is hit by Travis Hamonic and loses puck.
7:04 of 1st period - Simon Nemec is hit by Marc Staal and loses puck.
7:48 of 1st period - Zachary Werenski is hit by Nikolaj Ehlers and loses puck.
8:03 of 1st period - Cody Glass is hit by Sean Couturier and loses puck.
8:31 of 1st period - Cody Glass is hit by Marc Staal and loses puck.
8:45 of 1st period - Wrist shot by Sean Couturier.
8:45 of 1st period - Stopped by Logan Thompson without a rebound.
8:46 of 1st period - Sean Monahan wins face-off versus Christian Dvorak in San Jose Sharks zone.
8:57 of 1st period - Wrist shot by Sean Monahan.
8:57 of 1st period - Shot Misses the Net.
9:12 of 1st period - Off-side.
9:13 of 1st period - Ryan Hartman wins face-off versus Tyler Bertuzzi in neutral zone.
10:07 of 1st period - Snap shot by Christian Dvorak.
10:07 of 1st period - Shot Blocked by Marc Staal.
10:35 of 1st period - Snap shot by Valeri Nichushkin.
10:35 of 1st period - Stopped by Alexandar Georgiev with a rebound.
10:37 of 1st period - Slapshot by Christopher Tanev.
10:37 of 1st period - Shot Misses the Net.
10:51 of 1st period - Christopher Tanev is hit by Alex Chiasson and loses puck.
11:12 of 1st period - Dylan Strome is hit by Jordan Staal and loses puck.
12:22 of 1st period - Wrist shot by Cody Glass.
12:22 of 1st period - Shot Blocked by Marc Staal.
12:52 of 1st period - Minor Penalty to Travis Hamonic for Roughing.
12:53 of 1st period - William Karlsson wins face-off versus Eric Staal in Vegas Golden Knights zone.
12:56 of 1st period - Wrist shot by William Karlsson.
12:56 of 1st period - Stopped by Alexandar Georgiev without a rebound.
12:57 of 1st period - Eric Staal wins face-off versus William Karlsson in Vegas Golden Knights zone.
13:22 of 1st period - Slapshot by Valeri Nichushkin.
13:22 of 1st period - Deflect By Adam Henrique.
13:22 of 1st period - Shot Misses the Net.
13:22 of 1st period - Puck is out of play.
13:23 of 1st period - Sean Couturier wins face-off versus Rickard Rakell in Vegas Golden Knights zone.
14:14 of 1st period - Icing by Adam Henrique.
14:15 of 1st period - Sean Couturier wins face-off versus Adam Henrique in San Jose Sharks zone.
14:16 of 1st period - Wrist shot by Sean Monahan.
14:16 of 1st period - Stopped by Logan Thompson with a rebound.
14:40 of 1st period - Derek Forbort is hit by Jordan Staal and loses puck.
14:47 of 1st period - Wrist shot by Eric Staal.
14:47 of 1st period - Shot Blocked by Derek Forbort.
14:52 of 1st period - Penalty to Travis Hamonic is over, Travis Hamonic is back on ice.
15:01 of 1st period - Wrist shot by Sean Monahan.
15:01 of 1st period - Shot Misses the Net.
15:03 of 1st period - Wrist shot by Chris Kreider.
15:03 of 1st period - Shot Blocked by Derek Forbort.
15:05 of 1st period - Wrist shot by Joe Pavelski.
15:05 of 1st period - Stopped by Logan Thompson without a rebound.
15:06 of 1st period - Christian Dvorak wins face-off versus Sean Couturier in San Jose Sharks zone.
15:35 of 1st period - Slapshot by Reilly Smith.
15:35 of 1st period - Stopped by Logan Thompson without a rebound.
15:36 of 1st period - Jordan Staal wins face-off versus William Karlsson in San Jose Sharks zone.
15:47 of 1st period - Shea Theodore is hit by Derek Forbort and loses puck.
15:54 of 1st period - Slapshot by William Karlsson.
15:54 of 1st period - Stopped by Alexandar Georgiev without a rebound.
15:55 of 1st period - Sean Monahan wins face-off versus Christian Dvorak in Vegas Golden Knights zone.
16:02 of 1st period - Wrist shot by Chris Kreider.
16:02 of 1st period - Stopped by Logan Thompson without a rebound.
16:03 of 1st period - Christian Dvorak wins face-off versus Sean Monahan in San Jose Sharks zone.
16:20 of 1st period - Wrist shot by Sean Monahan.
16:20 of 1st period - Stopped by Logan Thompson with a rebound.
16:22 of 1st period - Snap shot by Joe Pavelski.
16:22 of 1st period - Deflect By Sean Monahan.
16:22 of 1st period - Shot Misses the Net.
16:22 of 1st period - Puck is out of play.
16:23 of 1st period - Sean Couturier wins face-off versus William Karlsson in San Jose Sharks zone.
16:50 of 1st period - Chris Kreider is hit by Dmitry Orlov and loses puck.
17:16 of 1st period - Jordan Staal is hit by Ryan Hartman.
17:20 of 1st period - Slapshot by Roman Josi.
17:20 of 1st period - Deflect By Reilly Smith.
17:20 of 1st period - Shot Blocked by Ryan Hartman.
17:20 of 1st period - Puck is out of play.
17:21 of 1st period - William Karlsson wins face-off versus Sean Couturier in San Jose Sharks zone.
17:33 of 1st period - Off-side.
17:34 of 1st period - Sean Monahan wins face-off versus Valeri Nichushkin in neutral zone.
17:37 of 1st period - Wrist shot by Chris Kreider.
17:37 of 1st period - Stopped by Logan Thompson without a rebound.
17:38 of 1st period - Sean Monahan wins face-off versus William Karlsson in San Jose Sharks zone.
18:48 of 1st period - Snap shot by Chris Kreider.
18:48 of 1st period - Stopped by Logan Thompson with a rebound.
18:50 of 1st period - Snap shot by Chris Kreider.
18:50 of 1st period - Stopped by Logan Thompson without a rebound.
18:51 of 1st period - Cody Glass wins face-off versus Sean Monahan in San Jose Sharks zone.
18:51 of 1st period - Cody Glass is hit by Travis Hamonic.
19:28 of 1st period - Slapshot by Sean Monahan.
19:28 of 1st period - Stopped by Logan Thompson with a rebound.
19:30 of 1st period - Slapshot by John Marino.
19:30 of 1st period - Shot Blocked by Simon Nemec.
19:32 of 1st period - Snap shot by Joe Pavelski.
19:32 of 1st period - Shot Misses the Net.
19:34 of 1st period - Slapshot by Marc Staal.
19:34 of 1st period - Deflect By Sean Monahan.
19:34 of 1st period - Stopped by Logan Thompson without a rebound.
19:35 of 1st period - Sean Couturier wins face-off versus William Karlsson in San Jose Sharks zone.
19:36 of 1st period - Wrist shot by Nikolaj Ehlers.
19:36 of 1st period - Shot Misses the Net.
19:49 of 1st period - Snap shot by Rickard Rakell.
19:49 of 1st period - Stopped by Alexandar Georgiev with a rebound.
19:51 of 1st period - Slapshot by Valeri Nichushkin.
19:51 of 1st period - Deflect By Rickard Rakell.
19:51 of 1st period - Shot Misses the Net.
19:51 of 1st period - Puck is out of play.
19:52 of 1st period - Jordan Staal wins face-off versus Adam Henrique in Vegas Golden Knights zone.
19:52 of 1st period - Jordan Staal is hit by Christian Dvorak.
Goals for this period are 0 for San Jose Sharks vs 0 for Vegas Golden Knights.
Shots for this period are 8 for San Jose Sharks vs 11 for Vegas Golden Knights.
2nd period
0:01 of 2nd period - Christian Dvorak wins face-off versus Sean Monahan in neutral zone.
0:25 of 2nd period - Christopher Tanev is hit by Tyler Bertuzzi and loses puck.
0:52 of 2nd period - Wrist shot by Dylan Strome.
0:52 of 2nd period - Stopped by Alexandar Georgiev without a rebound.
0:53 of 2nd period - Sean Couturier wins face-off versus Christian Dvorak in Vegas Golden Knights zone.
1:02 of 2nd period - Slapshot by Nikolaj Ehlers.
1:02 of 2nd period - Stopped by Logan Thompson without a rebound.
1:03 of 2nd period - Christian Dvorak wins face-off versus Sean Monahan in San Jose Sharks zone.
1:38 of 2nd period - Wrist shot by Valeri Nichushkin.
1:38 of 2nd period - Shot Misses the Net.
1:57 of 2nd period - Wrist shot by Valeri Nichushkin.
1:57 of 2nd period - Shot Hit the Post.
1:59 of 2nd period - Wrist shot by Zachary Werenski.
1:59 of 2nd period - Stopped by Alexandar Georgiev without a rebound.
2:00 of 2nd period - Jordan Staal wins face-off versus Ryan Hartman in Vegas Golden Knights zone.
2:11 of 2nd period - Wrist shot by Tyler Bertuzzi.
2:11 of 2nd period - Shot Misses the Net.
2:25 of 2nd period - Sean Monahan is hit by Ivan Barbashev and loses puck.
2:32 of 2nd period - Wrist shot by Christian Dvorak.
2:32 of 2nd period - Stopped by Alexandar Georgiev with a rebound.
2:34 of 2nd period - Snap shot by Christopher Tanev.
2:34 of 2nd period - Stopped by Alexandar Georgiev with a rebound.
2:48 of 2nd period - Wrist shot by Jonathan Drouin.
2:48 of 2nd period - Shot Blocked by Simon Benoit.
2:54 of 2nd period - Wrist shot by Jonathan Drouin.
2:54 of 2nd period - Stopped by Logan Thompson with a rebound.
2:56 of 2nd period - Slapshot by Shea Theodore.
2:56 of 2nd period - Deflect By Alex Chiasson.
2:56 of 2nd period - Shot Blocked by Simon Benoit.
2:56 of 2nd period - Puck is out of play.
2:57 of 2nd period - Ryan Hartman wins face-off versus Reilly Smith in San Jose Sharks zone.
2:57 of 2nd period - Ryan Hartman is hit by Jordan Staal.
4:20 of 2nd period - Wrist shot by Jack Roslovic.
4:20 of 2nd period - Shot Misses the Net.
4:22 of 2nd period - Backhand shot by Jack Roslovic.
4:22 of 2nd period - Shot Misses the Net.
4:24 of 2nd period - Slapshot by Travis Hamonic.
4:24 of 2nd period - Deflect By Nikolaj Ehlers.
4:24 of 2nd period - Shot Misses the Net.
4:24 of 2nd period - Puck is out of play.
4:25 of 2nd period - Ryan Hartman wins face-off versus Sean Monahan in San Jose Sharks zone.
4:38 of 2nd period - Wrist shot by Joe Pavelski.
4:38 of 2nd period - Stopped by Logan Thompson with a rebound.
4:40 of 2nd period - Snap shot by Roman Josi.
4:40 of 2nd period - Stopped by Logan Thompson with a rebound.
4:42 of 2nd period - Wrist shot by Joe Pavelski.
4:42 of 2nd period - Deflect By Victor Olofsson.
4:42 of 2nd period - Shot Misses the Net.
4:42 of 2nd period - Puck is out of play.
4:43 of 2nd period - William Karlsson wins face-off versus Jordan Staal in San Jose Sharks zone.
4:50 of 2nd period - Slapshot by Roman Josi.
4:50 of 2nd period - Stopped by Logan Thompson without a rebound.
4:51 of 2nd period - William Karlsson wins face-off versus Reilly Smith in San Jose Sharks zone.
5:01 of 2nd period - Wrist shot by William Karlsson.
5:01 of 2nd period - Shot Misses the Net.
5:29 of 2nd period - Off-side.
5:30 of 2nd period - Ryan Hartman wins face-off versus Joe Pavelski in neutral zone.
5:42 of 2nd period - Backhand shot by Joe Pavelski.
5:42 of 2nd period - Stopped by Logan Thompson with a rebound.
6:04 of 2nd period - Snap shot by Nikolaj Ehlers.
6:04 of 2nd period - Deflect By Sean Couturier.
6:04 of 2nd period - Stopped by Logan Thompson with a rebound.
6:45 of 2nd period - Snap shot by William Karlsson.
6:45 of 2nd period - Shot Misses the Net.
6:47 of 2nd period - Slapshot by Christopher Tanev.
6:47 of 2nd period - Deflect By Roman Josi.
6:47 of 2nd period - Stopped by Alexandar Georgiev without a rebound.
6:48 of 2nd period - William Karlsson wins face-off versus Sean Monahan in Vegas Golden Knights zone.
6:57 of 2nd period - Snap shot by William Karlsson.
6:57 of 2nd period - Deflect By Rickard Rakell.
6:57 of 2nd period - Stopped by Alexandar Georgiev with a rebound.
6:59 of 2nd period - Minor Penalty to Sean Monahan for Hooking.
7:00 of 2nd period - Adam Henrique wins face-off versus Sean Couturier in Vegas Golden Knights zone.
7:01 of 2nd period - Wrist shot by Valeri Nichushkin.
7:01 of 2nd period - Goal by Valeri Nichushkin - San Jose Sharks : 1 - Vegas Golden Knights : 0.
7:02 of 2nd period - Ryan Hartman wins face-off versus Chris Kreider in neutral zone.
7:16 of 2nd period - Off-side.
7:17 of 2nd period - Sean Couturier wins face-off versus Christian Dvorak in neutral zone.
7:20 of 2nd period - Ivan Barbashev is hit by Shea Theodore and loses puck.
7:43 of 2nd period - Shea Theodore is hit by Christopher Tanev and loses puck.
7:48 of 2nd period - Snap shot by Valeri Nichushkin.
7:48 of 2nd period - Shot Misses the Net.
7:58 of 2nd period - Dmitry Orlov is hit by Roman Josi.
8:13 of 2nd period - Shea Theodore is hit by Ryan Hartman and loses puck.
8:30 of 2nd period - Snap shot by Shea Theodore.
8:30 of 2nd period - Stopped by Logan Thompson without a rebound.
8:31 of 2nd period - Cody Glass wins face-off versus Reilly Smith in San Jose Sharks zone.
9:05 of 2nd period - Wrist shot by Cody Glass.
9:05 of 2nd period - Shot Blocked by Marc Staal.
9:07 of 2nd period - Snap shot by Andreas Athanasiou.
9:07 of 2nd period - Shot Blocked by Tyler Bertuzzi.
9:09 of 2nd period - Wrist shot by Cody Glass.
9:09 of 2nd period - Stopped by Alexandar Georgiev without a rebound.
9:10 of 2nd period - Christian Dvorak wins face-off versus Sean Monahan in Vegas Golden Knights zone.
9:13 of 2nd period - Snap shot by Ivan Barbashev.
9:13 of 2nd period - Stopped by Alexandar Georgiev without a rebound.
9:14 of 2nd period - Christian Dvorak wins face-off versus Sean Monahan in Vegas Golden Knights zone.
9:15 of 2nd period - Snap shot by Adam Henrique.
9:15 of 2nd period - Stopped by Alexandar Georgiev without a rebound.
9:16 of 2nd period - Christian Dvorak wins face-off versus Sean Monahan in Vegas Golden Knights zone.
9:21 of 2nd period - Snap shot by Christian Dvorak.
9:21 of 2nd period - Shot Blocked by Travis Hamonic.
9:27 of 2nd period - Backhand shot by Christian Dvorak.
9:27 of 2nd period - Stopped by Alexandar Georgiev without a rebound.
9:28 of 2nd period - Sean Monahan wins face-off versus Christian Dvorak in Vegas Golden Knights zone.
10:24 of 2nd period - Slapshot by Dylan Strome.
10:24 of 2nd period - Stopped by Alexandar Georgiev without a rebound.
10:25 of 2nd period - Ryan Hartman wins face-off versus Sean Monahan in Vegas Golden Knights zone.
10:30 of 2nd period - Slapshot by Victor Olofsson.
10:30 of 2nd period - Stopped by Alexandar Georgiev without a rebound.
10:31 of 2nd period - Sean Monahan wins face-off versus Victor Olofsson in Vegas Golden Knights zone.
10:42 of 2nd period - Slapshot by Dylan Strome.
10:42 of 2nd period - Goal by Dylan Strome - San Jose Sharks : 2 - Vegas Golden Knights : 0.
10:43 of 2nd period - Sean Monahan wins face-off versus Christian Dvorak in neutral zone.
10:55 of 2nd period - Adam Henrique is hit by Sean Monahan and loses puck.
11:08 of 2nd period - Sean Couturier is hit by Ryan Hartman.
11:16 of 2nd period - Snap shot by Ryan Hartman.
11:16 of 2nd period - Shot Misses the Net.
11:18 of 2nd period - Wrist shot by Victor Olofsson.
11:18 of 2nd period - Deflect By Dylan Strome.
11:18 of 2nd period - Shot Misses the Net.
11:18 of 2nd period - Puck is out of play.
11:19 of 2nd period - William Karlsson wins face-off versus Sean Couturier in Vegas Golden Knights zone.
12:27 of 2nd period - Backhand shot by Ilya Mikheyev.
12:27 of 2nd period - Shot Blocked by Alex Chiasson.
12:33 of 2nd period - Slapshot by Jonathan Drouin.
12:33 of 2nd period - Shot Blocked by Dmitry Orlov.
12:35 of 2nd period - Slapshot by Eric Staal.
12:35 of 2nd period - Shot Blocked by Derek Forbort.
12:37 of 2nd period - Snap shot by John Marino.
12:37 of 2nd period - Stopped by Logan Thompson without a rebound.
12:38 of 2nd period - William Karlsson wins face-off versus Sean Couturier in San Jose Sharks zone.
12:51 of 2nd period - Slapshot by Valeri Nichushkin.
12:51 of 2nd period - Deflect By Shea Theodore.
12:51 of 2nd period - Shot Misses the Net.
12:51 of 2nd period - Puck is out of play.
12:52 of 2nd period - Sean Monahan wins face-off versus Christian Dvorak in Vegas Golden Knights zone.
13:07 of 2nd period - Joe Pavelski is hit by Ivan Barbashev and loses puck.
13:18 of 2nd period - William Karlsson is hit by Nikolaj Ehlers.
13:42 of 2nd period - Slapshot by Zachary Werenski.
13:42 of 2nd period - Shot Blocked by Jordan Staal.
13:44 of 2nd period - Slapshot by Zachary Werenski.
13:44 of 2nd period - Stopped by Alexandar Georgiev with a rebound.
13:46 of 2nd period - Slapshot by Zachary Werenski.
13:46 of 2nd period - Stopped by Alexandar Georgiev without a rebound.
13:47 of 2nd period - Sean Monahan wins face-off versus Ryan Hartman in Vegas Golden Knights zone.
14:18 of 2nd period - Backhand shot by Sean Couturier.
14:18 of 2nd period - Shot Blocked by Dmitry Orlov.
14:20 of 2nd period - Wrist shot by Sean Couturier.
14:20 of 2nd period - Shot Blocked by Derek Forbort.
14:42 of 2nd period - Tyler Bertuzzi is hit by Rickard Rakell.
14:55 of 2nd period - Tyler Bertuzzi is hit by Christopher Tanev and loses puck.
15:20 of 2nd period - Joe Pavelski is hit by Ryan Hartman.
15:56 of 2nd period - Alex Chiasson is hit by Derek Forbort and loses puck.
16:07 of 2nd period - Slapshot by Rickard Rakell.
16:07 of 2nd period - Shot Misses the Net.
16:13 of 2nd period - Minor Penalty to Alex Chiasson for Hooking.
16:14 of 2nd period - Sean Couturier wins face-off versus Adam Henrique in Vegas Golden Knights zone.
16:41 of 2nd period - Marc Staal is hit by Dylan Strome and loses puck.
18:04 of 2nd period - William Karlsson is hit by Reilly Smith and loses puck.
18:11 of 2nd period - Snap shot by Chris Kreider.
18:11 of 2nd period - Goal by Chris Kreider - San Jose Sharks : 2 - Vegas Golden Knights : 1.
18:12 of 2nd period - Adam Henrique wins face-off versus Sean Couturier in neutral zone.
18:13 of 2nd period - Penalty to Alex Chiasson is over, Alex Chiasson is back on ice.
18:45 of 2nd period - Snap shot by Sean Couturier.
18:45 of 2nd period - Stopped by Logan Thompson with a rebound.
19:07 of 2nd period - Slapshot by Sean Monahan.
19:07 of 2nd period - Deflect By Alex Chiasson.
19:07 of 2nd period - Shot Misses the Net.
19:07 of 2nd period - Puck is out of play.
19:08 of 2nd period - Jordan Staal wins face-off versus Ryan Hartman in San Jose Sharks zone.
19:23 of 2nd period - Slapshot by Roman Josi.
19:23 of 2nd period - Shot Blocked by Simon Benoit.
Goals for this period are 2 for San Jose Sharks vs 1 for Vegas Golden Knights.
Shots for this period are 16 for San Jose Sharks vs 11 for Vegas Golden Knights.
3rd period
0:01 of 3rd period - Sean Couturier wins face-off versus Christian Dvorak in neutral zone.
0:08 of 3rd period - Snap shot by Nikolaj Ehlers.
0:08 of 3rd period - Shot Blocked by Christopher Tanev.
0:10 of 3rd period - Slapshot by Travis Hamonic.
0:10 of 3rd period - Stopped by Logan Thompson with a rebound.
0:12 of 3rd period - Slapshot by Travis Hamonic.
0:12 of 3rd period - Stopped by Logan Thompson without a rebound.
0:13 of 3rd period - Christian Dvorak wins face-off versus Sean Couturier in San Jose Sharks zone.
0:26 of 3rd period - Snap shot by Adam Henrique.
0:26 of 3rd period - Stopped by Alexandar Georgiev with a rebound.
0:28 of 3rd period - Wrist shot by Christian Dvorak.
0:28 of 3rd period - Goal by Christian Dvorak - San Jose Sharks : 3 - Vegas Golden Knights : 1.
0:29 of 3rd period - Christian Dvorak wins face-off versus Sean Monahan in neutral zone.
1:04 of 3rd period - Wrist shot by Victor Olofsson.
1:04 of 3rd period - Shot Blocked by Roman Josi.
1:27 of 3rd period - Slapshot by Shea Theodore.
1:27 of 3rd period - Stopped by Logan Thompson with a rebound.
1:41 of 3rd period - Marc-Edouard Vlasic is hit by Dmitry Orlov and loses puck.
2:27 of 3rd period - Snap shot by Jack Roslovic.
2:27 of 3rd period - Stopped by Logan Thompson without a rebound.
2:28 of 3rd period - Sean Couturier wins face-off versus Ryan Hartman in San Jose Sharks zone.
2:39 of 3rd period - Wrist shot by Jack Roslovic.
2:39 of 3rd period - Stopped by Logan Thompson without a rebound.
2:40 of 3rd period - Christian Dvorak wins face-off versus Joe Pavelski in San Jose Sharks zone.
2:49 of 3rd period - Slapshot by Ivan Barbashev.
2:49 of 3rd period - Deflect By Adam Henrique.
2:49 of 3rd period - Stopped by Alexandar Georgiev with a rebound.
2:51 of 3rd period - Slapshot by Christopher Tanev.
2:51 of 3rd period - Stopped by Alexandar Georgiev with a rebound.
2:53 of 3rd period - Slapshot by Christopher Tanev.
2:53 of 3rd period - Stopped by Alexandar Georgiev with a rebound.
2:55 of 3rd period - Slapshot by Christopher Tanev.
2:55 of 3rd period - Stopped by Alexandar Georgiev without a rebound.
2:56 of 3rd period - Jordan Staal wins face-off versus Valeri Nichushkin in Vegas Golden Knights zone.
3:05 of 3rd period - Wrist shot by Reilly Smith.
3:05 of 3rd period - Shot Blocked by Christopher Tanev.
3:07 of 3rd period - Slapshot by Travis Hamonic.
3:07 of 3rd period - Shot Misses the Net.
3:09 of 3rd period - Snap shot by Travis Hamonic.
3:09 of 3rd period - Stopped by Logan Thompson with a rebound.
3:21 of 3rd period - Joe Pavelski is hit by Simon Benoit and loses puck.
3:42 of 3rd period - Backhand shot by Christian Dvorak.
3:42 of 3rd period - Stopped by Alexandar Georgiev with a rebound.
3:48 of 3rd period - Christopher Tanev is hit by Nikolaj Ehlers and loses puck.
4:15 of 3rd period - Snap shot by Simon Benoit.
4:15 of 3rd period - Shot Blocked by John Marino.
4:45 of 3rd period - Alex Chiasson is hit by Ivan Barbashev.
4:53 of 3rd period - Wrist shot by Adam Henrique.
4:53 of 3rd period - Stopped by Alexandar Georgiev without a rebound.
4:54 of 3rd period - Ryan Hartman wins face-off versus Sean Couturier in Vegas Golden Knights zone.
5:19 of 3rd period - Simon Nemec is hit by Roman Josi and loses puck.
5:24 of 3rd period - Snap shot by Sean Monahan.
5:24 of 3rd period - Shot Blocked by Simon Nemec.
5:26 of 3rd period - Slapshot by Travis Hamonic.
5:26 of 3rd period - Stopped by Logan Thompson without a rebound.
5:27 of 3rd period - Christian Dvorak wins face-off versus Jordan Staal in San Jose Sharks zone.
5:31 of 3rd period - Off-side.
5:32 of 3rd period - Jordan Staal wins face-off versus Christian Dvorak in neutral zone.
5:38 of 3rd period - Minor Penalty to Adam Henrique for Hooking.
5:39 of 3rd period - Joe Pavelski wins face-off versus Valeri Nichushkin in San Jose Sharks zone.
6:06 of 3rd period - Tyler Bertuzzi is hit by Derek Forbort and loses puck.
6:39 of 3rd period - Backhand shot by Dmitry Orlov.
6:39 of 3rd period - Shot Blocked by Jack Roslovic.
7:38 of 3rd period - Penalty to Adam Henrique is over, Adam Henrique is back on ice.
8:07 of 3rd period - Snap shot by Christian Dvorak.
8:07 of 3rd period - Shot Blocked by Shea Theodore.
8:09 of 3rd period - Snap shot by Valeri Nichushkin.
8:09 of 3rd period - Shot Misses the Net.
8:11 of 3rd period - Slapshot by Zachary Werenski.
8:11 of 3rd period - Deflect By Christian Dvorak.
8:11 of 3rd period - Goal by Christian Dvorak - San Jose Sharks : 4 - Vegas Golden Knights : 1.
8:12 of 3rd period - Ryan Hartman wins face-off versus Sean Monahan in neutral zone.
8:15 of 3rd period - Snap shot by Victor Olofsson.
8:15 of 3rd period - Shot Blocked by Joe Pavelski.
9:07 of 3rd period - Snap shot by Tyler Bertuzzi.
9:07 of 3rd period - Shot Hit the Post.
9:29 of 3rd period - Rickard Rakell is hit by Eric Staal and loses puck.
9:41 of 3rd period - Minor Penalty to Sean Monahan for Hooking.
9:42 of 3rd period - William Karlsson wins face-off versus Eric Staal in Vegas Golden Knights zone.
10:41 of 3rd period - Icing by Derek Forbort.
10:42 of 3rd period - William Karlsson wins face-off versus Sean Couturier in San Jose Sharks zone.
11:12 of 3rd period - Adam Henrique is hit by Sean Couturier and loses puck.
11:41 of 3rd period - Penalty to Sean Monahan is over, Sean Monahan is back on ice.
11:53 of 3rd period - Cody Glass is hit by John Marino and loses puck.
12:42 of 3rd period - Zachary Werenski is hit by Sean Monahan and loses puck.
12:55 of 3rd period - Valeri Nichushkin is hit by Jack Roslovic and loses puck.
12:56 of 3rd period - Valeri Nichushkin from San Jose Sharks is injured at 12:56 of 3rd period (Right Hip).
12:57 of 3rd period - William Karlsson wins face-off versus Sean Couturier in San Jose Sharks zone.
13:02 of 3rd period - Slapshot by Nikolaj Ehlers.
13:02 of 3rd period - Stopped by Logan Thompson with a rebound.
13:24 of 3rd period - Wrist shot by Reilly Smith.
13:24 of 3rd period - Shot Misses the Net.
13:26 of 3rd period - Snap shot by Tyler Bertuzzi.
13:26 of 3rd period - Shot Blocked by Simon Benoit.
13:28 of 3rd period - Snap shot by John Marino.
13:28 of 3rd period - Stopped by Logan Thompson without a rebound.
13:29 of 3rd period - Christian Dvorak wins face-off versus Reilly Smith in San Jose Sharks zone.
13:34 of 3rd period - Marc Staal is hit by Zachary Werenski and loses puck.
13:43 of 3rd period - Snap shot by Tyler Bertuzzi.
13:43 of 3rd period - Shot Blocked by Simon Nemec.
14:20 of 3rd period - Icing by Simon Nemec.
14:21 of 3rd period - Sean Couturier wins face-off versus Cody Glass in San Jose Sharks zone.
14:27 of 3rd period - Double Minor Penalty to Cody Glass for Roughing.
14:28 of 3rd period - Sean Couturier wins face-off versus Andreas Athanasiou in San Jose Sharks zone.
15:30 of 3rd period - Rickard Rakell is hit by Nikolaj Ehlers.
16:30 of 3rd period - Sean Couturier is hit by Christopher Tanev and loses puck.
18:27 of 3rd period - Penalty to Cody Glass is over, Cody Glass is back on ice.
19:12 of 3rd period - Tyler Bertuzzi is hit by Andreas Athanasiou and loses puck.
19:33 of 3rd period - Roman Josi is hit by Ivan Barbashev and loses puck.
19:50 of 3rd period - Shea Theodore is hit by Rickard Rakell and loses puck.
Goals for this period are 2 for San Jose Sharks vs 0 for Vegas Golden Knights.
Shots for this period are 9 for San Jose Sharks vs 9 for Vegas Golden Knights.
Back to the Top